AoeStats
← Jinjitis

Arena

508265695Analyzed
3v3 RM · 11d ago on Sep 21, 2026· 58m 34s· 6 players
Game mode
Random Map
Map size
Normal (6 player)
Population
200
Speed
Normal
Resources
Standard
Victory
Conquest
Starting age
Dark Age
Ending age
Imperial Age
RankedLock teamsTeams togetherTeam positionsShared explorationLock speedFull tech treeHidden civsTurbo modeCheats
Victory
Defeat
🇸🇪 Khmer · Sweden
1258
+17
🇸🇪 Japanese · Sweden
1253
+17
🇸🇪 Italians · Sweden
1209
+19
🇨🇭 Cumans · Switzerland
1316
-19
🇨🇭 Chinese · Switzerland
1315
-19
🇨🇭 Byzantines · Switzerland
1219
-15
Grymmaklumpen22
6:01 Loom
6:36 Loom
10:03 Feudal Age
8:21 Loom
10:07 Feudal Age
11:40 Double-Bit Axe
20:44 Castle Age
19:58 Horse Collar
21:57 Bow Saw
23:06 Wheelbarrow
27:05 Town Watch
27:52 Gold Mining
28:40 Heavy Plow
29:06 Hand Cart
32:51 Imperial Age
30:29 Pikeman
31:10 Squires
31:11 Scale Mail Armor
31:22 Forging
31:14 Gambesons
32:36 Masonry
32:24 Murder Holes
32:52 Chain Mail Armor
33:20 Halberdier
34:59 Plate Mail Armor
35:49 Conscription
35:50 Stone Mining
36:56 Siege Engineers
37:41 Arson
41:24 Iron Casting
40:42 Fletching
41:23 Padded Archer Armor
42:24 Chemistry
41:45 Ballistics
43:08 Blast Furnace
42:02 Fletching
42:13 Padded Archer Armor
42:46 Elite Skirmisher
43:32 Thumb Ring
44:30 Bodkin Arrow
44:56 Conscription
45:01 Kataparuto
45:33 Leather Archer Armor
46:51 Bracer
47:21 Ring Archer Armor
57:06 Fortified Wall
56:40 Treadmill Crane
56:54 Arrowslits
Halola
9:57 Feudal Age
10:34 Double-Bit Axe
15:16 Loom
18:04 Castle Age
16:11 Stone Mining
17:15 Fletching
18:13 Padded Archer Armor
19:08 Wheelbarrow
19:43 Bow Saw
21:14 Horse Collar
25:47 Gold Mining
28:49 Imperial Age
27:23 Bodkin Arrow
27:44 Leather Archer Armor
28:22 Heavy Plow
30:07 Conscription
31:22 Chemistry
30:26 Bracer
31:59 Two-Man Saw
31:36 Ballistics
31:59 Ring Archer Armor
34:09 Hoardings
33:16 Elite Genoese Crossbowman
35:30 Thumb Ring
35:44 Masonry
35:38 Town Watch
36:11 Hand Cart
39:08 Scale Mail Armor
39:18 Forging
40:10 Hoardings
40:45 Scale Barding Armor
41:16 Iron Casting
40:57 Light Cavalry
41:48 Bloodlines
41:40 Husbandry
41:36 Hussar
43:00 Chain Barding Armor
43:43 Blast Furnace
44:32 Caravan
45:05 Coinage
45:47 Plate Barding Armor
47:02 Hoardings
51:40 Fortified Wall
52:01 Architecture
55:12 Town Watch
58:59 Chain Mail Armor
58:32 Arrowslits
58:29 Treadmill Crane
LilleSkutt
10:23 Feudal Age
15:19 Castle Age
13:16 Double-Bit Axe
14:05 Horse Collar
19:41 Bow Saw
21:46 Wheelbarrow
20:57 Town Watch
23:01 Loom
28:16 Imperial Age
26:24 Pikeman
27:00 Stone Mining
27:00 Gold Mining
30:04 Conscription
29:11 Halberdier
31:03 Heavy Plow
31:35 Heavy Scorpion
32:47 Double Crossbow
34:29 Forging
34:19 Scale Mail Armor
44:45 Caravan
47:12 Iron Casting
46:53 Chain Mail Armor
47:19 Hoardings
55:32 Chemistry
54:53 Ballistics
54:43 Masonry
Jinjitis
10:54 Feudal Age
12:43 Double-Bit Axe
13:17 Fletching
22:09 Castle Age
20:05 Horse Collar
21:04 Gold Mining
24:43 Bow Saw
24:58 Stone Mining
25:11 Heavy Plow
26:32 Heavy Plow
27:56 Wheelbarrow
30:04 Hand Cart
34:16 Imperial Age
33:00 Scale Barding Armor
32:46 Loom
32:58 Bodkin Arrow
33:14 Forging
33:53 Stone Shaft Mining
34:08 Padded Archer Armor
34:30 Chain Barding Armor
35:27 Bracer
36:16 Crop Rotation
36:49 Two-Man Saw
36:28 Gold Shaft Mining
36:11 Leather Archer Armor
36:29 Conscription
36:07 Elite Skirmisher
38:26 Ring Archer Armor
39:00 Ballistics
39:41 Chemistry
40:16 Chain Barding Armor
40:32 Iron Casting
41:20 Thumb Ring
49:43 Hoardings
52:01 Plate Barding Armor
55:29 Squires
55:06 Elite Cataphract
55:23 Pikeman
56:06 Scale Mail Armor
55:57 Halberdier
Moonz
0:30 Loom
10:26 Feudal Age
15:42 Castle Age
13:55 Double-Bit Axe
21:37 Horse Collar
23:21 Bow Saw
23:45 Heavy Plow
25:22 Wheelbarrow
26:44 Hand Cart
26:17 Town Watch
27:38 Padded Archer Armor
27:29 Fletching
31:24 Imperial Age
29:30 Thumb Ring
29:53 Ballistics
29:56 Leather Archer Armor
29:59 Bodkin Arrow
30:15 Forging
30:05 Scale Mail Armor
31:00 Squires
30:45 Arson
31:11 Gold Mining
31:14 Stone Mining
31:59 Town Patrol
31:46 Elite Fire Lancer
33:12 Conscription
32:22 Elite Skirmisher
34:16 Ring Archer Armor
33:46 Bracer
34:57 Chemistry
35:04 Gold Shaft Mining
35:04 Stone Shaft Mining
38:07 Chain Mail Armor
38:27 Iron Casting
39:50 Two-Man Saw
42:44 Elite Chu Ko Nu
F40
9:24 Feudal Age
10:04 Double-Bit Axe
10:44 Horse Collar
19:40 Castle Age
20:24 Wheelbarrow
20:32 Wheelbarrow
20:35 Bow Saw
20:26 Heavy Plow
20:41 Gold Mining
20:49 Stone Mining
21:00 Loom
23:57 Hand Cart
25:40 Bloodlines
29:03 Imperial Age
27:20 Scale Barding Armor
27:25 Forging
27:49 Bloodlines
29:32 Iron Casting
30:16 Gold Shaft Mining
29:46 Cavalier
31:29 Two-Man Saw
31:25 Crop Rotation
31:47 Chain Barding Armor
32:28 Blast Furnace
33:31 Plate Barding Armor
32:52 Paladin
34:21 Conscription
34:05 Steppe Husbandry
34:31 Town Watch
36:26 Light Cavalry
37:07 Fletching
37:17 Padded Archer Armor
37:31 Elite Kipchak
38:42 Bodkin Arrow
39:03 Leather Archer Armor
38:28 Hussar
39:33 Thumb Ring
38:49 Elite Skirmisher
40:35 Masonry
41:25 Chemistry
41:07 Cuman Mercenaries
41:56 Ring Archer Armor
Connection lost

Rejoining the realm…

Still unreachable

The connection could not be restored.

Session expired

The server has moved on; the page needs a fresh start.